 Dungeon Crawl Stone Soup version 0.29.1-1-gd02db6906a (webtiles) character file.

Game seed: 17852621145717853876

4 Sanktem7 the Trooper (level 1, 0/20 HPs)
             Began as a Minotaur Fighter on Oct 2, 2022.
             Slain by a goblin
             ... wielding a +0 club
              (1 damage)
             ... on level 1 of the Dungeon.
             The game lasted 00:00:08 (34 turns).

Sanktem7 the Trooper (Minotaur Fighter)               Turns: 34, Time: 00:00:09

Health: 0/20       AC:  6    Str: 20    XL:     1   Next: 50%
Magic:  0/0        EV:  9    Int:  5    God:
Gold:   0          SH:  4    Dex:  9    Spells: 0/0 levels left

rFire   . . .      SeeInvis .   a - +0 war axe {axe}
rCold   . . .      Faith    .   c - +0 buckler
rNeg    . . .      Spirit   .   b - +0 scale mail
rPois   .          Reflect  .   (helmet restricted)
rElec   .          Harm     .   (no cloak)
rCorr   .          Rampage  .   (no gloves)
Will    .....                   (no boots)
Stlth   ..........              (no amulet)
HPRegen 0.06/turn               (no ring)
MPRegen 0.07/turn               (no ring)

@: lethally poisoned (0 -> -7)
A: horns 2, retaliatory headbutt
a: no special abilities


You were on level 1 of the Dungeon.
You visited 1 branch of the dungeon, and saw 1 of its levels.


Innate Abilities, Weirdness & Mutations

You have a pair of horns on your head.
You reflexively headbutt those who attack you in melee.


   Skills:
 * Level 3.8 Fighting
 * Level 2.7 Axes
 - Level 3.6 Armour
 - Level 3.6 Shields


You couldn't memorise any spells.
You didn't know any spells.
Your spell library was empty.

Inventory:

Hand Weapons
 a - a +0 war axe (weapon) {axe}
Armour
 b - a +0 scale mail (worn)
 c - a +0 buckler (worn)
Potions
 d - a potion of might

Dungeon Overview and Level Annotations

Branches:
Dungeon (1/15) Zot: 5962

Altars:

#..........## #.
#...........# #.
#...........# #.
#...g.......#+#. #.
..(............. #.
......$......... #.
...............# #.
.......)g...# #.
########@###############.
#.................
##################


You could see 2 goblins.


Message History

🤖 Initializing magus.rc ...
Options error: Delay interrupt name "hungry" not recognised. (~/.crawlrc:4856) Options error: Bad monster_list_colour key: strict_neutral (~/.crawlrc:4871) Bad channel name for runrest: 'pray:' ✅ Successfully initialized magus.rc [v1.9.6] Welcome, Sanktem7 the Minotaur Fighter.
The heart of this dungeon contains the fabled artefact, the Orb of Zot.
Press ? for a list of commands and other information.
Found an escape hatch in the floor.
Found a staircase leading out of the dungeon.
There is a dry fountain here.
You open the door.
A ball python comes into view.
The ball python hisses angrily.
A kobold comes into view. It is wielding a +0 whip of venom.
The ball python moves out of view.
A kobold is nearby!
A kobold is nearby!
A dart slug comes into view.
The kobold shouts!
You hear a shout!
The dart slug launches a dart at you. The slug dart misses you.
There is an open door here.
A goblin comes into view. It is wielding a +0 club.
The goblin shouts!
The dart slug bites you but does no damage.
You hit the dart slug. You headbutt the dart slug.
You kill the dart slug! 😎 HP[+1]
You now have 20 max hp (+1).
Your hp is fully restored (20).
You hit the ball python.
You kill the ball python!
The kobold barely misses you.
You hit the kobold but do no damage.
The kobold hits you with a +0 whip of venom.
You are poisoned.
The kobold hits you with a +0 whip of venom.
You are lethally poisoned!
A goblin comes into view. It is wielding a +0 club. 😕 HP[-3]
You take 3 damage, and now have 17/20 hp.
You closely miss the kobold. You miss the goblin.
You feel extremely sick.
The goblin shouts!
The goblin hits you but does no damage. The kobold barely misses you. 😮 HP[-6]
You take 6 damage, and now have 11/20 hp.
MASSIVE DAMAGE!! (PAUSE)
* * * LOW HITPOINT WARNING * * *
You feel very sick.
There is an open door here. 😨 HP[-3]
You take 3 damage, and now have 8/20 hp.
You closely miss the goblin. You barely miss the kobold.
* * * LOW HITPOINT WARNING * * *
You feel very sick. The goblin hits you but does no damage.
The kobold barely misses you. 😱 HP[-4]
You take 4 damage, and now have 4/20 hp.
You barely miss the goblin. Your headbutt misses the goblin.
You hit the kobold.
You kill the kobold!
* * * LOW HITPOINT WARNING * * *
You feel very sick. The goblin hits you with a +0 club.
You die...

Action                   || total
-------------------------++-------
Melee: War axe           ||     6
       Headbutt          ||     1
Armor: Scale mail        ||     3
Dodge: Dodged            ||     4

Levels and vault maps discovered:
D:1:      wander_arrival_desolate, layout_basic, corexii_hall_statues_s,
          minmay_misc_feat_plants

Notes
Turn   | Place    | Note
-------+----------+-------------------------------------------
     0 | D:1      | Sanktem7 the Minotaur Fighter began the quest for the Orb.
     0 | D:1      | Reached XP level 1. HP: 19/19 MP: 0/0
     0 | D:1      | magus.rc [v1.9.6]
    33 | D:1      | HP: 4/20 [poisoned by a kobold]
    34 | D:1      | HP: 1/20 [poisoned by a kobold]
    34 | D:1      | Slain by a goblin

Vanquished Creatures
  A dart slug (D:1)
  A ball python (D:1)
  A kobold (D:1)
3 creatures vanquished.

Table legend:
 A = Non-vault XP
 B = Vault XP
 C = Vault XP percentage of total XP
 D = Non-vault monster count
 E = Vault monster count
 F = Vault count percentage of total count
                 A         B        C        D         E       F
            +---------+---------+-------+---------+---------+-------
      Total |       8 |       0 |   0.0 |       3 |       0 |   0.0
            +---------+---------+-------+---------+---------+-------
        D:1 |       8 |       0 |   0.0 |       3 |       0 |   0.0
            +---------+---------+-------+---------+---------+-------

Illustrated notes

Table legend:
 A = Kills in this place as a percentage of kills in entire the game.
 B = Kills by you in this place as a percentage of kills by you in the entire game.
 C = Kills by friends in this place as a percentage of kills by friends in the entire game.
 D = Other kills in this place as a percentage of other kills in the entire game.
 E = Experience gained in this place as a percentage of experience gained in the entire game.
 F = Experience gained in this place divided by the number of levels of this place that you have seen.
                   A       B       C       D       E      F
               +-------+-------+-------+-------+-------+----------------------
         Total | 100.0 | 100.0 |   N/A |   N/A | 100.0 |   8.0
       Dungeon | 100.0 | 100.0 |   N/A |   N/A | 100.0 |   8.0
               +-------+-------+-------+-------+-------+----------------------

Table legend: (Time is in decaauts)
 A = Elapsed time spent in this place.
 B = Non-inter-level travel time spent in this place.
 C = Inter-level travel time spent in this place.
 D = Time resting spent in this place.
 E = Time spent auto-exploring this place.
 F = Levels seen in this place.
 G = Mean time per level.
                   A        B        C        D        E       F      G
               +--------+--------+--------+--------+--------+-----+--------+
         Total |     35 |     35 |      0 |      0 |     24 |   1 |   35.0 |
       Dungeon |     35 |     35 |      0 |      0 |     24 |   1 |   35.0 |
               +--------+--------+--------+--------+--------+-----+--------+

Top non-repeatable levels by time:
     D:1: 35 daAuts
